 Dungeon Crawl Stone Soup version 0.21-a0-531-gacddea6 (webtiles) character file.

363 robertstho the Magician (level 6, -1/33 HPs)
             Began as a Deep Elf Summoner on Dec 13, 2017.
             Slain by a sky beast (5 damage)
             ... on level 5 of the Dungeon.
             The game lasted 00:29:55 (5119 turns).

robertstho the Magician (Deep Elf Summoner)         Turns: 5119, Time: 00:29:56

Health: -1/33      AC:  4    Str:  5    XL:     6   Next: 39%
Magic:  8/17       EV: 13    Int: 22    God:
Gold:   50         SH:  0    Dex: 15    Spells: 12/18 levels left

rFire    . . .     SeeInvis .   j - +0 hand axe
rCold    . . .     Gourm    .   (no shield)
rNeg     . . .     Faith    .   a - +0 robe
rPois    .         Spirit   .   t - +0 helmet
rElec    .         Reflect  .   (no cloak)
rCorr    .         Harm     .   (no gloves)
MR       .....                  A - +0 pair of boots
Stlth    ++........             (no amulet)
HPRegen  0.11/turn              (no ring)
MPRegen  0.15/turn              (no ring)

@: no status effects
A: no striking features
a: no special abilities


You were on level 5 of the Dungeon.
You were hungry.

You visited 1 branch of the dungeon, and saw 5 of its levels.

You collected 167 gold pieces.
You spent 117 gold pieces at shops.

Inventory:

Hand Weapons
 d - a +0 dagger
 h - a +0 whip
 j - a +0 hand axe (weapon)
 o - a cursed -3 dagger
 r - a +0 hunting sling
Missiles
 g - 192 stones (quivered)
 k - 54 bolts
 q - 7 tomahawks
 I - 19 sling bullets
Armour
 a - a +0 robe (worn)
 t - a +0 helmet (worn)
 A - a +0 pair of boots (worn)
Jewellery
 w - an uncursed ring of see invisible {unknown}
Scrolls
 e - 3 scrolls of enchant weapon {unknown}
 f - a scroll of enchant armour {unknown}
 i - 3 scrolls of remove curse {unknown}
 l - 3 scrolls of noise
 m - 3 scrolls of magic mapping {unknown}
 n - 7 scrolls of identify
 p - 2 scrolls of fear {unknown}
 u - a scroll of fog {unknown}
 y - 5 scrolls of teleportation
 D - a scroll of random uselessness
 E - 2 scrolls of amnesia {unknown}
 G - a scroll of blinking {unknown}
 H - a scroll of holy word {unknown}
Potions
 v - 3 potions of agility {unknown}
 x - a potion of berserk rage {unknown}
 z - 2 potions of might {unknown}
 C - 2 potions of haste {unknown}
 K - a potion of cancellation {unknown}
Books
 b - a book of Callings

   Spells                             Type                      Level
   a - Summon Small Mammal            Summoning                    1
   b - Call Imp                       Summoning                    2
   c - Call Canine Familiar           Summoning                    3
   d - Summon Guardian Golem          Hexes/Summoning              3
   e - Summon Lightning Spire         Summoning/Air                4
   f - Summon Ice Beast               Ice/Summoning                4
 s - a book of Misfortune

   Spells                             Type                      Level
   a - Confusing Touch                Hexes                        1
   b - Confuse                        Hexes                        3
   c - Gell's Gravitas                Translocation                3
   d - Petrify                        Transmutation/Earth          4
   e - Metabolic Englaciation         Hexes/Ice                    5
   f - Yara's Violent Unravelling     Hexes/Transmutation          5
Comestibles
 c - 6 bread rations
 B - a royal jelly
 F - a meat ration
 J - a fruit


   Skills:
 + Level 0.8 Fighting
 + Level 0.6 Axes
 + Level 2.6 Dodging
 - Level 2.4 Stealth
 * Level 6.8 Spellcasting
 * Level 6.3 Summonings


You had 12 spell levels left.
You knew the following spells:

 Your Spells              Type           Power        Failure   Level  Hunger
a - Summon Small Mammal   Summ           ####         1%          1    None
b - Call Imp              Summ           #####...     1%          2    None
c - Call Canine Familiar  Summ           #####...     1%          3    None


Dungeon Overview and Level Annotations

Branches:
Dungeon (5/15)
 Temple: D:4-7

Altars:

Shops:
D:4 ?


Message History

Your quokka barely misses something.
Your hound bites something but does no damage.
Your hound misses something.
Your quokka barely misses something.
Your quokka closely misses something.
Something barely misses you.
Your hound bites something.
Your quokka barely misses something.
You closely miss something.
Your quokka bites something.
Something hits you. Something shocks you.
Your hound barely misses something.
Your quokka barely misses something. x2; Something hits you.
Something shocks you.
* * * LOW HITPOINT WARNING * * *
Your magical contamination has completely faded away.
Your hound bites something.
Your quokka closely misses something. x2
Your hound completely misses something.
Casting: Call Canine Familiar
Confirm with . or Enter, or press ? or * to list all spells.
A shadowy apparition takes form in the air.
Something hits you.
* * * LOW HITPOINT WARNING * * *
Something shocks you.
You die...

.######...+
...............
..........# #.#
###........
#######.### #.#
#.#.#5###
##'#########.#
#.#.#.###
#..........#.#
#.#......
#..........#.#
#.#5#.###
#..........#.#
#.#.#.#
#.........5#.#
##.....#
##.......@.hr#
#....###
#.#########.####....#
#.# #.....[....'....#
#.# #######.####....#
#.# #.# #....# #.#
#.# #....# #.# #.#
#....# #.# #.# #....#
#.# #.# ##'#.#####


You could see a friendly hound, a friendly shadow imp and a friendly quokka.

Vanquished Creatures
  An ooze (D:2)
  A leopard gecko (D:4)
  A giant cockroach (D:2)
  2 goblins
  3 hobgoblins
  A quokka (D:2)
  5 bats
  2 kobolds
  4 rats
20 creatures vanquished.

Vanquished Creatures (collateral kills)
  A phantom (D:4)
  2 ogres (D:5)
  2 howler monkeys (D:4)
  A crimson imp (D:5)
  A hound (D:3)
  An orc wizard (D:5)
  A worker ant zombie (D:5)
  10 adders
  A shadow imp (D:5)
  An ooze (D:5)
  An adder zombie (D:5)
  3 worms
  5 dart slugs
  A leopard gecko (D:5)
  9 orcs
  7 bats
  3 giant cockroaches
  6 goblins
  8 hobgoblins
  5 jackals
  3 kobolds
  3 quokkas (D:4)
  5 frilled lizards
  A jackal skeleton (D:5)
  4 rats
85 creatures vanquished.

Grand Total: 105 creatures vanquished

Notes
Turn   | Place    | Note
-------+----------+-------------------------------------------
     0 | D:1      | robertstho the Deep Elf Summoner began the quest for the Orb.
     0 | D:1      | Reached XP level 1. HP: 10/10 MP: 6/6
   360 | D:1      | Reached XP level 2. HP: 15/15 MP: 5/8
   364 | D:1      | Learned a level 2 spell: Call Imp
  1443 | D:2      | Reached skill level 5 in Summonings
  1458 | D:2      | Reached XP level 3. HP: 17/19 MP: 5/10
  2505 | D:3      | Reached XP level 4. HP: 20/24 MP: 0/12
  2712 | D:3      | Learned a level 3 spell: Call Canine Familiar
  3397 | D:3      | Reached skill level 5 in Spellcasting
  3734 | D:4      | Reached XP level 5. HP: 22/28 MP: 10/15
  3907 | D:4      | Noticed a phantom
  3967 | D:4      | Killed a phantom
  4056 | D:4      | Found Jeoteved's Magic Scroll Boutique.
  4065 | D:4      | Bought a scroll of noise for 13 gold pieces
  4065 | D:4      | Bought a scroll of identify for 26 gold pieces
  4065 | D:4      | Bought a scroll of identify for 26 gold pieces
  4065 | D:4      | Bought a scroll of teleportation for 39 gold pieces
  4065 | D:4      | Bought a scroll of random uselessness for 13 gold pieces
  4401 | D:5      | Entered Level 5 of the Dungeon
  4539 | D:5      | Noticed an ogre
  4572 | D:5      | Killed an ogre
  4577 | D:5      | Reached XP level 6. HP: 32/33 MP: 6/17
  5093 | D:5      | Noticed a sky beast
  5119 | D:5      | Slain by a sky beast

Vault maps used:
D:1:      sevenhm_arrival_forest_fort_large_3, minmay_misc_feat_doors,
          chequers_big_river, nrook_uturn
D:2:      kennysheep_another_room, minmay_pentomino_z4
D:3:      kennysheep_big_empty_room, roderic_roman_lattice
D:4:      serial_shops, shop
D:5:      first_bread, nemelex_dance_club_becter

Skill      XL: |  1  2  3  4  5 |
---------------+----------------+-----
Summonings     | 5 6 |  6.3
Spellcasting   | 4 5 6 |  6.8
Fighting       | |  0.8
Axes           | |  0.6
Dodging        | |  2.6
Stealth        | |  2.4

Action                   |  1- 3 |  4- 6 || total
-------------------------+-------+-------++-------
Melee: Hand axe          |    72 |    59 ||   131
 Cast: Summon Small Mamm |    75 |    24 ||    99
       Call Imp          |     3 |    28 ||    31
       Call Canine Famil |       |    19 ||    19
  Use: Potion            |     1 |       ||     1
 Stab: Sleeping          |     2 |       ||     2
       Distracted        |     1 |       ||     1
  Eat: Chunk             |     4 |     9 ||    13
Armor: Robe              |    30 |    26 ||    56
Dodge: Dodged            |   100 |    73 ||   173

Table legend:
 A = Spawn XP
 B = Non-spawn XP
 C = Spawn XP percentage of total XP
 D = Spawn monster count
 E = Non-spawn monster count
 F = Spawn count percentage of total count
 G = Total turns spent on level
                    A         B        C        D         E        F      G
               +---------+---------+-------+---------+---------+-------+---------
         Total |       0 |     519 |   0.0 |       0 |     105 |   0.0 |  5119
               +---------+---------+-------+---------+---------+-------+---------
           D:1 |       0 |      29 |   0.0 |       0 |      24 |   0.0 |  1410
           D:2 |       0 |      47 |   0.0 |       0 |      25 |   0.0 |  1060
           D:3 |       0 |      80 |   0.0 |       0 |      26 |   0.0 |  1057
           D:4 |       0 |     149 |   0.0 |       0 |      12 |   0.0 |   874
           D:5 |       0 |     214 |   0.0 |       0 |      18 |   0.0 |   718
               +---------+---------+-------+---------+---------+-------+---------
